 Dungeon Crawl Stone Soup version 0.31-a0-263-ge8cad7f256 (webtiles) character file.

Game seed: 1389742955910663603

78 qw the Shooter (level 4, -5/36 HPs)
             Began as a Minotaur Hexslinger on July 13, 2023.
             Slain by Terence
             ... wielding a +2 flail of protection
              (8 damage)
             ... on level 2 of the Dungeon.
             The game lasted 00:00:26 (1075 turns).

qw the Shooter (Minotaur Hexslinger)                Turns: 1075, Time: 00:00:26

Health: -5/36      AC:  2    Str: 12    XL:     4   Next: 15%
Magic:  4/4        EV: 13    Int: 10    God:
Gold:   70         SH:  0    Dex: 21    Spells: 4/5 levels left

rFire   . . .        Y - +1 sling
rCold   . . .        (no shield)
rNeg    . . .        c - +0 robe
rPois   .            (helmet restricted)
rElec   .            (no cloak)
rCorr   .            (no gloves)
SInv    .            (no boots)
Will    .....        (no amulet)
Stlth   ++           l - +6 ring of dexterity
HPRegen 0.26/turn    (no ring)
MPRegen 0.09/turn

%: no passive effects
@: about to teleport
A: horns 2, retaliatory headbutt
a: no special abilities


You were on level 2 of the Dungeon.
You visited 1 branch of the dungeon, and saw 2 of its levels.

You collected 70 gold pieces.


Innate Abilities, Weirdness & Mutations

You have a pair of horns on your head.
You reflexively headbutt those who attack you in melee.


   Skills:
 - Level 2.0 Fighting
 + Level 4.7 Ranged Weapons
 - Level 2.1 Dodging
 - Level 1.0 Spellcasting
 - Level 2.0 Hexes


You had 4 spell levels left.
You knew the following spells:

 Your Spells              Type           Power      Damage    Failure   Level
a - Slow                  Hex            16%        N/A       16%         1

Your spell library contained the following spells:

 Spells                   Type           Power      Damage    Failure   Level
 Inner Flame              Hex/Fire       2%         N/A       56%         3
 Portal Projectile        Hex/Tloc       4%         N/A       56%         3
 Cause Fear               Hex            2%         N/A       83%         4

Inventory:

Hand Weapons
 Y - a +1 sling (weapon)
Armour
 c - a +0 robe (worn)
 d - a +0 ring mail
Jewellery
 a - a ring of resist corrosion
 b - a +4 ring of protection
 f - a ring of fire
 l - a +6 ring of dexterity (left hand)
Scrolls
 e - 2 scrolls of teleportation
 g - a scroll of identify
Potions
 h - a potion of lignification {unknown}
 i - a potion of curing {unknown}
 j - a potion of brilliance {unknown}
 m - a potion of heal wounds {unknown}

Dungeon Overview and Level Annotations

Branches:
Dungeon (2/15)

Altars:
Vehumet

Annotations:
D:2 Terence


Message History

You shoot a sling bullet. The adder hisses angrily.
The sling bullet hits Terence but does no damage.
You shoot a sling bullet. The sling bullet hits Terence.
Terence is lightly wounded.
You shoot a sling bullet. The sling bullet hits Terence.
Terence is lightly wounded.
You shoot a sling bullet.
The sling bullet hits Terence but does no damage.
Terence is lightly wounded.
Terence shouts, "ATTACK!!!"
Terence hits you with a +2 flail of protection!
You shoot a sling bullet. The sling bullet barely misses Terence.
Terence closely misses you.
You shoot a sling bullet.
The sling bullet closely misses Terence.
Terence bares his teeth.
Terence hits you with a +2 flail of protection.
You shoot a sling bullet.
The sling bullet closely misses Terence.
Terence barely misses you. Terence closely misses you.
You shoot a sling bullet.
The sling bullet hits Terence but does no damage.
Terence is lightly wounded.
Terence closely misses you.
You shoot a sling bullet.
The sling bullet closely misses Terence.
Terence hits you with a +2 flail of protection.
You shoot a sling bullet.
The sling bullet closely misses Terence.
Terence hits you with a +2 flail of protection.
You shoot a sling bullet.
The sling bullet hits Terence but does no damage.
Terence is lightly wounded.
Terence hits you with a +2 flail of protection!
1075 ||| READING 3 scrolls of teleportation.
As you read the scroll of teleportation, it crumbles to dust.
You feel strangely unstable.
Terence hits you with a +2 flail of protection!
You die...

#.# #.# #.# #
#.# # #.# ....
#.# #### #.#
#.####### #.#
#..[.S@.# #.#
#@########.###
##............#
##8..##.######.#
##...###.# #.#
#..8## #.# #.#
#.P.### #.# #.#
##P## #.# ####.#
## #.# #....#
#.# #....#


You could see Terence and an adder.

Vanquished Creatures
  Jessica (D:2)
  2 adders (D:2)
  2 dart slugs (D:1)
  2 ball pythons
  2 bats
  2 endoplasms (D:1)
  A giant cockroach (D:2)
  2 goblins
  2 hobgoblins (D:1)
  3 jackals (D:1)
  3 quokkas
  4 frilled lizards
  3 kobolds
  A rat (D:2)
30 creatures vanquished.

Notes
Turn   | Place    | Note
-------+----------+-------------------------------------------
     0 | D:1      | qw the Minotaur Hexslinger began the quest for the Orb.
     0 | D:1      | Reached XP level 1. HP: 16/16 MP: 1/1
     0 | D:1      | 0 ||| qw: Version: 0.3-a-52-g30416fa
     0 | D:1      | 0 ||| qw: Game counter: 7353
     0 | D:1      | 0 ||| qw: Melee chars always use a shield: true
     0 | D:1      | 0 ||| qw: God list: Okawaru
     0 | D:1      | 0 ||| qw: Allow faded altars: false
     0 | D:1      | 0 ||| qw: Do Orc after clearing Dungeon:15 true
     0 | D:1      | 0 ||| qw: Do second Lair branch before Depths: true
     0 | D:1      | 0 ||| qw: Lair rune preference: random
     0 | D:1      | 0 ||| qw: Goals: Normal
     0 | D:1      | 0 ||| PLANNING D:1-11
   333 | D:1      | Reached skill level 3 in Ranged Weapons
   333 | D:1      | Reached XP level 2. HP: 23/23 MP: 2/2
   818 | D:1      | 818 ||| UPGRADING to +6 ring of dexterity.
   819 | D:1      | 819 ||| READING scroll labelled ZUXIUCSIETE.
   820 | D:1      | 820 ||| READING 3 scrolls labelled ELLE ZEZILLOAV.
   825 | D:1      | 825 ||| READING scroll labelled VESKOI HIXIN.
   826 | D:1      | 826 ||| READING scroll labelled IMAETA CAMIER.
   827 | D:1      | 827 ||| DROPPING scroll of poison.
   891 | D:2      | Reached XP level 3. HP: 28/29 MP: 3/3
   968 | D:2      | Found a radiant altar of Vehumet.
   969 | D:2      | Noticed Jessica
   977 | D:2      | Killed Jessica
   978 | D:2      | Reached skill level 4 in Ranged Weapons
   979 | D:2      | Reached XP level 4. HP: 36/36 MP: 4/4
  1062 | D:2      | Noticed Terence
  1074 | D:2      | HP: 2/36 [Terence/+2 flail of protection (8)]
  1075 | D:2      | 1075 ||| READING 3 scrolls of teleportation.
  1075 | D:2      | Slain by Terence

Levels and vault maps discovered:
D:1:      erik_arrival_cave_to_civilisation [erik_arrival_cave_to_hall],
          layout_loops_ring, minivault_4, chequers_serial_rivers_large_a,
          amcnicky_mini_rare_corridor_liquid
D:2:      layout_loops_ring, basic_altar, shapermc_ecumenical_altar_petra,
          kennysheep_another_room, uniq_crazy_yiuf_cottage, uniq_terence,
          uniq_jessica

Skill      XL: |  1  2  3 |
---------------+----------+-----
Ranged Weapons | 3 4 |  4.7
Fighting       | 2 |  2.0
Dodging        | |  2.1
Spellcasting   | |  1.0
Hexes          | |  2.0

Action                     |  1- 3 |  4- 6 || total
---------------------------+-------+-------++-------
   Fire: Sling             |    77 |    18 ||    95
    Use: Scroll            |     4 |     1 ||     5
 Armour: Robe              |     2 |       ||     2
  Dodge: Dodged            |    24 |     5 ||    29

Table legend:
 A = Non-vault XP
 B = Vault XP
 C = Vault XP percentage of total XP
 D = Non-vault monster count
 E = Vault monster count
 F = Vault count percentage of total count
                 A         B        C        D         E       F
            +---------+---------+-------+---------+---------+-------
      Total |      73 |      39 |  34.8 |      27 |       3 |  10.0
            +---------+---------+-------+---------+---------+-------
        D:1 |      34 |       2 |   5.6 |      15 |       2 |  11.8
        D:2 |      39 |      37 |  48.7 |      12 |       1 |   7.7
            +---------+---------+-------+---------+---------+-------
